 Dungeon Crawl Stone Soup version 0.31-a0-819-gf6de2f5ab6 (webtiles) character file.

Game seed: 1424283213832098382

141 omnomnOMINOUS the Stinger (level 5, -6/34 HPs)
             Began as an Octopode Wanderer on Sept 23, 2023.
             Was an Initiate of Vehumet.
             Mangled by a phantom (7 damage)
             ... on level 4 of the Dungeon.
             The game lasted 00:08:31 (3064 turns).

omnomnOMINOUS the Stinger (Octopode Wanderer)       Turns: 3064, Time: 00:08:31

Health: -6/34      AC:  1    Str: 11    XL:     5   Next: 24%
Magic:  5/8        EV: 12    Int: 20    God:    Vehumet [......]
Gold:   178        SH:  0    Dex:  8    Spells: 3/8 levels left

rFire   . . .        a - +1 dagger (drain)
rCold   . . .        (no shield)
rNeg    . . .        (helmet restricted)
rPois   .            (no amulet)
rElec   .            (no ring)
rCorr   .            (no ring)
SInv    .            (no ring)
Will    .....        (no ring)
Stlth   +            (no ring)
HPRegen 0.25/turn    (no ring)
MPRegen 0.11/turn    (no ring)
                     (no ring)

%: no passive effects
@: silenced
A: almost no armour, amphibious, 8 rings, camouflage 1, gelatinous body 1,
(nimble swimmer 1), tentacles
a: Renounce Religion


You were on level 4 of the Dungeon.
You worshipped Vehumet.
Vehumet was noncommittal.
You visited 1 branch of the dungeon, and saw 4 of its levels.

You collected 178 gold pieces.

Inventory:

Hand Weapons
 a - a +1 dagger of draining (weapon)
 b - a +0 dagger of speed
 e - a +0 long sword
 k - a +0 great sword
Missiles
 h - 12 poisoned darts (quivered)
Scrolls
 f - 3 scrolls of noise
 g - a scroll of teleportation
 j - a scroll of identify


   Skills:
 + Level 2.0 Fighting
 - Level 1.0 Throwing
 + Level 1.9 Dodging
 - Level 2.0 Spellcasting
 + Level 1.9 Conjurations
 + Level 3.7 Fire Magic
 + Level 5.2 Poison Magic


You had 3 spell levels left.
You knew the following spells:

 Your Spells              Type           Power      Damage    Failure   Level
a - Foxfire               Conj/Fire      52%        2x1d6     4%          1
b - Sting                 Tmut/Pois      48%        1d5       5%          1
c - Mephitic Cloud        Conj/Pois/Air  11%        N/A       17%         3

Your spell library contained the following spells:

 Spells                   Type           Power      Damage    Failure   Level
 Scorch                   Fire           32%        2d6       5%          2
 Inner Flame              Hex/Fire       9%         N/A       22%         3
 Lesser Beckoning         Tloc           4%         N/A       24%         2
 Gell's Gravitas          Tloc           2%         N/A       43%         3
 Teleport Other           Tloc           2%         N/A       43%         3
 Yara's Violent Unravell  Hex/Tmut       1%         3d3       99%         5
 Enfeeble                 Hex            1%         N/A       100%        7


Dungeon Overview and Level Annotations

Branches:
Dungeon (4/15)
 Temple: D:4-7

Altars:
Cheibriados
Elyvilon
Kikubaaqudgha
Nemelex Xobeh
Vehumet
Xom

Shops:
D:1 *   D:2 !   D:3 [


Innate Abilities, Weirdness & Mutations

You cannot wear most types of armour.
You are amphibious.
You can wear up to eight rings at the same time.
Your skin changes colour to match your surroundings (Stealth+).
Your rubbery body absorbs attacks. (AC +1, EV +1)
((You are camouflaged when in or above water. (Stealth+)))
You have tentacles for arms and can constrict up to eight enemies at once.


Message History

Confirm with . or Enter, or press ? or * to list all spells.
You don't know that spell.
Casting: Foxfire (safe; 4% risk of failure)
Confirm with . or Enter, or press ? or * to list all spells.
You conjure some foxfire!
The phantom hits you!
* * * LOW HITPOINT WARNING * * *
Unknown command.
You hit the phantom but do no damage. Your squeeze misses the phantom.
The phantom is heavily damaged.
The foxfire hits the phantom.
The phantom is severely damaged.
The foxfire hits the phantom but does no damage.
The phantom is severely damaged.
The phantom closely misses you.
Your hobgoblin misses the phantom.
Casting: Foxfire (safe; 4% risk of failure)
Confirm with . or Enter, or press ? or * to list all spells.
You conjure some foxfire!
The phantom barely misses you.
Unknown command.
You barely miss the phantom.
The phantom is severely damaged.
The foxfire hits the phantom.
The phantom is severely damaged.
The foxfire hits the phantom but does no damage.
The phantom is severely damaged.
The phantom hits you.
* * * LOW HITPOINT WARNING * * *
Your ball python barely misses the phantom.
Your hobgoblin misses the phantom.
Casting: Foxfire (safe; 4% risk of failure)
Confirm with . or Enter, or press ? or * to list all spells.
You conjure some foxfire!
Your ball python closely misses the phantom.
The phantom hits you.
* * * LOW HITPOINT WARNING * * *
The phantom blinks!
You blink.
You aren't carrying any potions.
As you read the scroll labelled LEOMOL LUSI, it crumbles to dust.
A profound silence engulfs you.
It was a scroll of silence.
The phantom hits you!
You die...

#.#.
#.#...#.............
..
.......+....g........
. #
##.#.#..gS§.§......
###.#.....§§##....
........§§.## .
#....#§§....
#....#§v....
##..W.v.......
+....@.........
##....##.....##.
#..### ... #.. . ...
####


You could see a phantom (ally target) and a friendly hobgoblin (summoned).

Vanquished Creatures
  Jessica (D:2)
  Robin (D:3)
  3 adders
  3 dart slugs
  7 bats
  3 endoplasms
  A giant cockroach (D:3)
  15 goblins
  10 hobgoblins
  7 kobolds
  2 quokkas
  4 ball pythons
  2 frilled lizards
  8 rats
67 creatures vanquished.

Vanquished Creatures (others)
  16 foxfires
16 creatures vanquished.

Grand Total: 83 creatures vanquished

Notes
Turn   | Place    | Note
-------+----------+-------------------------------------------
     0 | D:1      | omnomnOMINOUS the Octopode Wanderer began the quest for the
                  | Orb.
     0 | D:1      | omnomnOMINOUS set off with the following items: a +0
                  | dagger, 12 poisoned darts, a potion of heal wounds; and the
                  | following spells available to memorise: Sting, Scorch,
                  | Foxfire, Inner Flame, Mephitic Cloud.
     0 | D:1      | Reached XP level 1. HP: 11/11 MP: 3/3
     2 | D:1      | Learned a level 1 spell: Foxfire
     3 | D:1      | Found a radiant altar of Vehumet.
   121 | D:1      | Reached XP level 2. HP: 18/18 MP: 3/5
   290 | D:1      | Reached skill level 1 in Dodging
   444 | D:1      | Reached skill level 1 in Fighting
   485 | D:1      | Reached skill level 1 in Conjurations
   539 | D:1      | Reached XP level 3. HP: 23/23 MP: 6/6
   670 | D:1      | Found Laiwnagg's General Store.
   697 | D:1      | Learned a level 1 spell: Sting
   703 | D:1      | Learned a level 3 spell: Mephitic Cloud
  1227 | D:2      | Noticed Jessica
  1238 | D:2      | Killed Jessica
  1239 | D:2      | Reached skill level 5 in Poison Magic
  1239 | D:2      | Reached XP level 4. HP: 28/28 MP: 7/7
  1280 | D:2      | Found Uplafat's Distillery.
  1690 | D:3      | Found Seen's Antique Armour Boutique.
  1774 | D:3      | Found an ancient bone altar of Kikubaaqudgha.
  1849 | D:3      | Found a snail-covered altar of Cheibriados.
  2001 | D:3      | Noticed Robin
  2252 | D:3      | Found a sparkling altar of Nemelex Xobeh.
  2395 | D:3      | Reached XP level 5. HP: 16/34 MP: 8/8
  2475 | D:3      | Killed Robin
  2823 | D:3      | Found a shimmering altar of Xom.
  2825 | D:3      | Found a shadowy altar of Dithmenos.
  2825 | D:3      | Found a blossoming altar of Fedhas.
  2827 | D:3      | Found a radiant altar of Vehumet.
  2827 | D:3      | Found a white marble altar of Elyvilon.
  2827 | D:3      | Found a white marble altar of Elyvilon.
  2988 | D:1      | Became a worshipper of Vehumet
  3036 | D:4      | Noticed a phantom
  3063 | D:4      | HP: 1/34 [phantom (4)]
  3064 | D:4      | Mangled by a phantom

Illustrated notes

Levels and vault maps discovered:
D:1:      sevenhm_arrival_forest_fort_small_6, layout_loops_cross,
          serial_forest, infiniplex_forest_side_room,
          infiniplex_forest_straight_5, infiniplex_forest_side_room,
          infiniplex_forest_straight_1, infiniplex_forest_lined_1,
          infiniplex_forest_lined_corner, infiniplex_forest_clump_double,
          infiniplex_forest_clump_medium, infiniplex_forest_straight_1,
          serial_shops, shop
D:2:      layout_basic, serial_shops, nicolae_shop_industrial_runoff,
          uniq_jessica
D:3:      layout_loops_ring, lemuel_round_altar, nemelex_diamond_rough_becter,
          mainiacjoe_overflow_24_doors, doesnt_xom_only_xom, serial_shops, shop,
          serial_bayou, serial_bayou_crossing, serial_bayou_lake_a,
          serial_bayou_shore_b, serial_bayou_lagoon_a, hangedman_decor_push,
          kennysheep_big_empty_room, kennysheep_generic_room_12, uniq_robin
D:4:      layout_basic, minmay_temple_entry_slanted, chequers_decorated_corner,
          nicolae_shop_sticking_my_neck_out

Skill      XL: |  1  2  3  4  5 |
---------------+----------------+-----
Dodging        | 1 |  1.9
Fighting       | 1 2 |  2.0
Conjurations   | 1 |  1.9
Poison Magic   | 5 |  5.2
Throwing       | |  1.0
Spellcasting   | |  2.0
Fire Magic     | |  3.7

Action                     |  1- 3 |  4- 6 || total
---------------------------+-------+-------++-------
  Melee: Dagger            |    88 |   109 ||   197
         Constrict         |    20 |    26 ||    46
         Tentacles         |    17 |    28 ||    45
         Punch             |     4 |     1 ||     5
   Cast: Foxfire           |     7 |     4 ||    11
    Use: Scroll            |     1 |     5 ||     6
         Potion            |       |     4 ||     4
   Stab: Sleeping          |     7 |     5 ||    12
 Armour: Skin              |    37 |    44 ||    81
  Dodge: Dodged            |    45 |    45 ||    90

Table legend: (Time is in decaauts)
 A = Elapsed time spent in this place.
 B = Non-inter-level travel time spent in this place.
 C = Inter-level travel time spent in this place.
 D = Time resting spent in this place.
 E = Time spent auto-exploring this place.
 F = Levels seen in this place.
 G = Mean time per level.
                   A        B        C        D        E       F      G
               +--------+--------+--------+--------+--------+-----+--------+
         Total |   3025 |   2765 |    260 |    206 |   1945 |   4 |  756.2 |
       Dungeon |   3025 |   2765 |    260 |    206 |   1945 |   4 |  756.2 |
               +--------+--------+--------+--------+--------+-----+--------+

Top non-repeatable levels by time:
     D:3: 1141 daAuts
     D:1: 1038 daAuts
     D:2: 807 daAuts
     D:4: 38 daAuts
